 Dungeon Crawl Stone Soup version 0.28-a0-1406-ga8dd43b1d0 (webtiles) character file.

Game seed: 2134724263410839637

199 Lekart the Chopper (level 5, -4/45 HPs)
             Began as a Draconian Gladiator on Jan 6, 2022.
             Was a Follower of Okawaru.
             Succumbed to Sigmund's poison
             ... on level 3 of the Dungeon.
             The game lasted 00:03:58 (2254 turns).

Lekart the Chopper (Draconian Gladiator)            Turns: 2254, Time: 00:03:59

Health: -4/45      AC: 10    Str: 16    XL:     5   Next: 48%
Magic:  5/5        EV: 13    Int:  8    God:    Okawaru [*.....]
Gold:   102        SH:  0    Dex: 15    Spells: 4/4 levels left

rFire   . . .      SeeInvis .   a - +0 war axe
rCold   . . .      Faith    .   (no shield)
rNeg    . . .      Spirit   .   (armour unavailable)
rPois   .          Reflect  .   b - +0 hat
rElec   .          Harm     .   i - +0 cloak
rCorr   .          Rampage  .   (no gloves)
Will    .....                   (no boots)
Stlth   +.........              (no amulet)
HPRegen 0.15/turn               l - +4 ring of slaying
MPRegen 0.09/turn               j - +4 ring of protection

@: brilliant, lethally poisoned (-4 -> -25)
A: AC +5, unfitting armour, cold-blooded
a: Renounce Religion, Heroism


You were on level 3 of the Dungeon.
You worshipped Okawaru.
Okawaru was aware of your devotion.
You visited 1 branch of the dungeon, and saw 3 of its levels.

You collected 102 gold pieces.

Inventory:

Hand Weapons
 a - a +0 war axe (weapon)
Armour
 b - a +0 hat (worn)
 i - a +0 cloak (worn)
Jewellery
 e - a +6 ring of strength
 j - a +4 ring of protection (right hand)
 l - a +4 ring of slaying (left hand)
Wands
 d - a wand of paralysis (1)
 f - a wand of iceblast (3)
Scrolls
 c - a scroll of teleportation {unknown}
 g - 2 scrolls of fear {unknown}
 h - a scroll of torment {unknown}
 k - a scroll of enchant weapon {unknown}
 n - a scroll of identify


   Skills:
 + Level 3.1 Fighting
 + Level 5.1 Axes
 + Level 2.0 Throwing
 + Level 3.6 Dodging


You had 4 spell levels left.
You didn't know any spells.
Your spell library contained the following spells:

 Spells                   Type           Power      Damage    Failure   Level
 Blink                    Tloc           0%         N/A       54%         2
 Lesser Beckoning         Tloc           0%         N/A       78%         3
 Manifold Assault         Tloc           0%         N/A       100%        5
 Storm Form               Tmut/Air       0%         N/A       100%        7
 Maxwell's Capacitive Co  Air            0%         ∞         100%        8
 Summon Lightning Spire   Summ/Air       Unusable   N/A       N/A         4

Dungeon Overview and Level Annotations

Branches:
Dungeon (3/15)

Altars:
Okawaru

Annotations:
D:3 Sigmund


Innate Abilities, Weirdness & Mutations

Your plain brown scales are hard. (AC +5)
You cannot fit into any form of body armour.
You are cold-blooded and may be slowed by cold attacks.


Message History

n - a scroll of identify You pick up a book of Spatial Translocations and begin reading...
You add the spells Blink, Lesser Beckoning and Manifold Assault to your library.
There is an escape hatch in the floor here.
Sigmund the Dreaded comes into view.
He is wielding a +0 scythe of venom and carrying a wand of digging (6).
You're wearing all the rings you can.
Remove which one? (? for menu, Esc to cancel) < or
e - a +6 ring of strength; > or
j - a +4 ring of protection You remove your +6 ring of strength.
You feel weaker.
l - a +4 ring of slaying (left hand) Sigmund shouts!
Sigmund casts a spell.
Sigmund flickers and vanishes!
Deactivating autopickup; reactivate with Ctrl-A.
A magic dart appears from out of thin air!
The magic dart hits you! Something hits you but does no damage.
You are poisoned.
You feel sick.
You miss something.
You feel sick. Something hits you but does no damage.
You are more poisoned.
You hit something but do no damage.
You feel very sick. Something barely misses you.
You slash something!
You feel very sick. Something hits you.
You are lethally poisoned!
It was a potion of brilliance.
You feel clever all of a sudden.
You feel very sick.
You barely miss something.
* * * LOW HITPOINT WARNING * * *
You feel very sick. Something hits you!
* * * LOW HITPOINT WARNING * * *
You are more poisoned.
You slash something!
You die...

.......# .......#
#.....## #.....##
.......# .......#
.......####
....>.....#########.#
##...####.......@{..#
##### #############


There were no monsters in sight!

Vanquished Creatures
  An iguana (D:3)
  Ijyb (D:3)
  Natasha (twice) (D:3)
  3 adders
  2 worms
  A dart slug (D:2)
  8 ball pythons
  7 endoplasms
  2 giant cockroaches
  11 hobgoblins
  5 kobolds
  A quokka (D:1)
  8 bats
  2 frilled lizards
  4 goblins
  6 rats
64 creatures vanquished.

Notes
Turn   | Place    | Note
-------+----------+-------------------------------------------
     0 | D:1      | Lekart the Draconian Gladiator began the quest for the Orb.
     0 | D:1      | Reached XP level 1. HP: 17/17 MP: 1/1
   165 | D:1      | Reached XP level 2. HP: 24/24 MP: 2/2
   778 | D:1      | Reached XP level 3. HP: 27/30 MP: 3/3
  1008 | D:1      | You fall into a shaft and drop 1 floor!
  1013 | D:2      | Found a faded altar of an unknown god.
  1388 | D:2      | Reached skill level 4 in Axes
  1734 | D:2      | Prayed at the altar of an unknown god.
  1734 | D:2      | Became a worshipper of Warmaster Okawaru
  1734 | D:2      | Reached * piety under Okawaru
  1759 | D:3      | Reached XP level 4. HP: 37/37 MP: 4/4
  1783 | D:3      | Noticed Natasha
  1795 | D:3      | Killed Natasha
  2070 | D:3      | Reached XP level 5. HP: 44/44 MP: 5/5
  2093 | D:3      | Noticed Ijyb
  2093 | D:3      | Noticed Natasha
  2098 | D:3      | Paralysed by Ijyb for 4 turns
  2104 | D:3      | Killed Natasha
  2105 | D:3      | Paralysed by Ijyb for 7 turns
  2120 | D:3      | Paralysed by Ijyb for 7 turns
  2127 | D:3      | Killed Ijyb
  2128 | D:3      | Reached skill level 5 in Axes
  2240 | D:3      | Noticed Sigmund
  2253 | D:3      | HP: 1/45 [something (9)]
  2254 | D:3      | Succumbed to Sigmund's poison

Illustrated notes

Levels and vault maps discovered:
D:1:      mrwooster_arrival_statue_2, layout_basic, minivault_25
D:2:      minmay_alternating_diamond, layout_basic,
          hellmonk_ecumenical_altar_blasted
D:3:      layout_rooms, led_xom_imps, uniq_natasha, uniq_ijyb, uniq_sigmund

Skill      XL: |  1  2  3  4  5 |
---------------+----------------+-----
Dodging        | 3 |  3.6
Throwing       | 2 |  2.0
Axes           | 4 5 |  5.1
Fighting       | 3 |  3.1

Action                   |  1- 3 |  4- 6 || total
-------------------------+-------+-------++-------
Melee: War axe           |   113 |    53 ||   166
       Tailslap          |     8 |     2 ||    10
       Punch             |     1 |       ||     1
Throw: Throwing net      |     3 |       ||     3
  Use: Potion            |     3 |     2 ||     5
       Scroll            |     3 |       ||     3
 Stab: Sleeping          |     1 |       ||     1
Armor: Skin              |    47 |    40 ||    87
Dodge: Dodged            |    98 |    50 ||   148

Table legend: (Time is in decaauts)
 A = Elapsed time spent in this place.
 B = Non-inter-level travel time spent in this place.
 C = Inter-level travel time spent in this place.
 D = Time resting spent in this place.
 E = Time spent auto-exploring this place.
 F = Levels seen in this place.
 G = Mean time per level.
                   A        B        C        D        E       F      G
               +--------+--------+--------+--------+--------+-----+--------+
         Total |   2325 |   2245 |     80 |    476 |   1260 |   3 |  775.0 |
       Dungeon |   2325 |   2245 |     80 |    476 |   1260 |   3 |  775.0 |
               +--------+--------+--------+--------+--------+-----+--------+

Top non-repeatable levels by time:
     D:1: 1049 daAuts
     D:2: 755 daAuts
     D:3: 521 daAuts
